 Dungeon Crawl Stone Soup version 0.28-a0-794-gafe8c5f9e9 (webtiles) character file.

Game seed: 14622673966373226950

376583 rogsnak the Ruinous (level 22, -15/116 HPs)
             Began as a Gargoyle Earth Elementalist on Nov 4, 2021.
             Was the Champion of Sif Muna.
             Demolished by a dire elephant (43 damage)
             ... on level 4 of the Vaults on Nov 6, 2021.
             The game lasted 03:49:38 (61616 turns).

rogsnak the Ruinous (Gargoyle Earth Elementalist)  Turns: 61616, Time: 03:49:38

Health: -15/116    AC: 27    Str: 19    XL:     22   Next: 79%
Magic:  45/63      EV: 12    Int: 33    God:    Sif Muna [******]
Gold:   4139       SH: 10    Dex: 12    Spells: 7/60 levels left

rFire   + . .      SeeInvis .   k - staff of conjuration
rCold   + . .      Faith    .   t - +1 kite shield {rC+}
rNeg    + . .      Spirit   .   X - +0 troll leather armour
rPois   ∞          Reflect  .   F - +2 helmet {Int+3}
rElec   +          Harm     .   d - scarf {shadows}
rCorr   .          Rampage  .   h - +0 pair of gloves of Gluttony {MP+9}
Will    +....                   z - +0 pair of boots
Stlth   ++........              A - amulet of Ysocab {RegenMP Dex+2}
HPRegen 1.29/turn               s - ring of magical power
MPRegen 0.63/turn               W - ring "Byh Goaz" {Contam rF+ Str+6 Int+5 Slay+3}

@: flying, studying 4 skills
A: sickness immunity, AC +16, big wings, negative energy resistance 1,
electricity resistance, torment resistance 1, petrification resistance
}: 2/15 runes: barnacled, gossamer
a: Renounce Religion, Channel Magic, Forget Spell, Divine Exegesis


You were on level 4 of the Vaults.
You worshipped Sif Muna.
Sif Muna was exalted by your worship.
You visited 8 branches of the dungeon, and saw 39 of its levels.
You also visited: Bailey, Ice Cave and Desolation.

You collected 6541 gold pieces.
You spent 2402 gold pieces at shops.

Inventory:

Hand Weapons
 n - the +8 falchion of Tyok {freeze, Str+4 Dex+4}
   (You found it in the Desolation of Salt)

   It freezes those it strikes, dealing additional cold damage.
   It can also slow down cold-blooded creatures.
   Str:       It affects your strength (+4).
   Dex:       It affects your dexterity (+4).
 G - a +2 scimitar of electrocution
Armour
 c - +0 acid dragon scales
 d - a scarf of shadows (worn)
 h - the +0 pair of gloves of Gluttony (worn) {MP+9}
   (You bought it in a shop on level 2 of the Orcish Mines)

   MP:        It affects your magic capacity (+9).
 j - the +0 pearl dragon scales "Qenonoiwn" {rF+ rN+ Stlth+}
   (You found it in the Desolation of Salt)

   rF:        It protects you from fire.
   rN:        It protects you from negative energy.
   Stlth:     It makes you more stealthy.
 t - a +1 kite shield of cold resistance (worn)
 z - a +0 pair of boots (worn)
 B - a +1 buckler of reflection
 E - the +2 robe of Infinity {rElec rC+++ rCorr Str-5}
   (You found it on level 12 of the Dungeon)

   Str:       It affects your strength (-5).
   rC:        It renders you almost immune to cold.
   rElec:     It insulates you from electricity.
   rCorr:     It protects you from acid and corrosion.
 F - a +2 helmet of intelligence (worn)
 H - +0 fire dragon scales
 X - a +0 troll leather armour (worn)
Magical Staves
 k - a staff of conjuration (weapon)
Jewellery
 o - the ring "Nyngoud" {rPois rC++ Will- Dex+6 SInv}
   (You found it in the Desolation of Salt)

   [ring of dexterity]

   Dex:       It affects your dexterity (+6).
   rC:        It greatly protects you from cold.
   rPois:     It protects you from poison.
   SInv:      It lets you see invisible.
   Will:      It decreases your willpower.
 r - an amulet of reflection
 s - a ring of magical power (left hand)
 y - the ring "Retoi" {Fly rN++}
   (You took it off a deep elf pyromancer on level 3 of the Elven Halls)

   [ring of flight]

   rN:        It greatly protects you from negative energy.
   Fly:       It grants you flight.
 A - the amulet of Ysocab (around neck) {RegenMP Dex+2}
   (You took it off a deep elf demonologist on level 3 of the Elven Halls)

   [amulet of magic regeneration]

   It increases your rate of magic regeneration.
   Dex:       It affects your dexterity (+2).
 I - a ring of protection from fire
 O - the ring "Unoxoabb" {rC+ Will++ Slay+3 SInv}
   (You took it off a deep elf sorcerer on level 3 of the Elven Halls)

   [ring of protection from cold]

   Slay:      It affects your accuracy & damage with ranged weapons and melee
   (+3).
   rC:        It protects you from cold.
   SInv:      It lets you see invisible.
   Will:      It greatly increases your willpower.
 W - the ring "Byh Goaz" (right hand) {Contam rF+ Str+6 Int+5 Slay+3}
   (You acquired it on level 3 of the Lair of Beasts)

   [ring of strength]

   Str:       It affects your strength (+6).
   Int:       It affects your intelligence (+5).
   Slay:      It affects your accuracy & damage with ranged weapons and melee
   (+3).
   rF:        It protects you from fire.
   Contam:    It causes magical contamination when unequipped.
 Z - a ring of willpower
Wands
 a - a wand of iceblast (54)
 b - a wand of digging (18)
 x - a wand of acid (52)
 P - a wand of charming (37)
 S - a wand of polymorph (14)
Scrolls
 f - 3 scrolls of fog
 i - 9 scrolls of amnesia
 l - 19 scrolls of teleportation
 p - 4 scrolls of torment
 q - a scroll of blinking
 D - 5 scrolls of enchant weapon
 J - 2 scrolls of fear
 L - 5 scrolls of enchant armour
 M - 8 scrolls of immolation
 N - 4 scrolls of magic mapping
 R - 4 scrolls of summoning
 T - 3 scrolls of brand weapon
 V - a scroll of holy word
Potions
 e - 6 potions of brilliance
 g - 4 potions of heal wounds
 m - 20 potions of curing
 u - 3 potions of haste
 v - 6 potions of invisibility
 w - 3 potions of cancellation
 C - a potion of ambrosia
 K - 3 potions of magic
 U - 6 potions of resistance
 Y - 2 potions of mutation
Miscellaneous
 Q - a phantom mirror


   Skills:
 + Level 5.6 Fighting
 + Level 6.1 Armour
 + Level 6.6 Dodging
 - Level 2.1 Stealth
 + Level 5.3 Shields
 + Level 19.8 Spellcasting
 + Level 25.5 Conjurations
 * Level 11.7 Summonings
 + Level 0.3 Necromancy
 - Level 0.7 Transmutations
 + Level 13.4 Fire Magic
 + Level 20.6 Earth Magic
 + Level 6.3 Invocations
 + Level 1.4 Evocations


You had 7 spell levels left.
You knew the following spells:

 Your Spells              Type           Power      Damage    Failure   Level
a - Sandblast             Erth           100%       2d20      0%          1
b - Stone Arrow           Conj/Erth      100%       3d13      0%          3
c - Sticky Flame          Conj/Fire      100%       2d11      0%          4
d - Lee's Rapid Deconstr  Erth           53%        3d26*     1%          5
e - Flame Wave            Conj/Fire      100%       3d16      0%          4
f - Iskenderun's Battles  Conj           100%       2d15      0%          5
g - Lehudib's Crystal Sp  Conj/Erth      67%        10d15     2%          8
h - Iron Shot             Conj/Erth      67%        9d12      1%          6
i - Freezing Cloud        Conj/Ice/Air   46%        6-21      3%          5
j - Borgnjor's Vile Clut  Necr/Erth      40%        N/A       1%          5
k - Spellforged Servitor  Conj/Summ      62%        N/A       1%          7

Your spell library contained the following spells:

 Spells                   Type           Power      Damage    Failure   Level
 Foxfire                  Conj/Fire      100%       2x1d9     0%          1
 Magic Dart               Conj           100%       1d8       0%          1
 Searing Ray              Conj           100%       2d8       0%          2
 Conjure Flame            Conj/Fire      100%       6-21      0%          3
 Shock                    Conj/Air       100%       1d9       1%          1
 Summon Small Mammal      Summ           100%       N/A       1%          1
 Call Imp                 Summ           83%        N/A       1%          2
 Passwall                 Tmut/Erth      66%        N/A       1%          2
 Scorch                   Fire           100%       2d10      1%          2
 Static Discharge         Conj/Air       100%       N/A       1%          2
 Call Canine Familiar     Summ           83%        N/A       1%          3
 Dazzling Flash           Conj/Hex       100%       N/A       1%          3
 Ignite Poison            Fire/Tmut/Pois 59%        N/A       1%          3
 Inner Flame              Hex/Fire       67%        N/A       1%          3
 Mephitic Cloud           Conj/Pois/Air  93%        N/A       1%          3
 Summon Guardian Golem    Hex/Summ       64%        N/A       1%          3
 Animate Armour           Summ/Erth      100%       N/A       1%          4
 Fulminant Prism          Conj/Hex       54%        3d23      1%          4
 Hailstorm                Conj/Ice       100%       3d20      1%          4
 Iskenderun's Mystic Bla  Conj/Tloc      100%       2d19      1%          4
 Leda's Liquefaction      Hex/Erth       39%        N/A       1%          4
 Petrify                  Tmut/Erth      80%        N/A       1%          4
 Fireball                 Conj/Fire      63%        3d24      1%          5
 Irradiate                Conj/Tmut      54%        3d32      1%          5
 Lightning Bolt           Conj/Air       54%        1d75      1%          5
 Starburst                Conj/Fire      63%        6d17      1%          6
 Orb of Destruction       Conj           70%        9d18      1%          7
 Animate Skeleton         Necr           70%        N/A       3%          1
 Pain                     Necr           100%       1d9       3%          1
 Sting                    Tmut/Pois      100%       1d8       3%          1
 Summon Lightning Spire   Summ/Air       64%        N/A       3%          4
 Conjure Ball Lightning   Conj/Air       54%        3x3d20    3%          6
 Freeze                   Ice            100%       1d11      4%          1
 Slow                     Hex            100%       N/A       4%          1
 Wereblood                Tmut           37%        N/A       4%          2
 Summon Cactus Giant      Summ           41%        N/A       5%          6
 Corpse Rot               Necr/Air       66%        N/A       6%          2
 Ensorcelled Hibernation  Hex/Ice        64%        N/A       6%          2
 Poisonous Vapours        Pois/Air       64%        N/A       6%          2
 Spider Form              Tmut/Pois      35%        N/A       11%         3
 Vampiric Draining        Necr           35%        2d8       11%         3
 Summon Forest            Summ/Tloc      32%        N/A       11%         5
 Summon Mana Viper        Hex/Summ       64%        N/A       11%         5
 Confusing Touch          Hex            32%        N/A       13%         3
 Frozen Ramparts          Ice            64%        1d8       13%         3
 Gell's Gravitas          Tloc           32%        N/A       13%         3
 Lesser Beckoning         Tloc           32%        N/A       13%         3
 Portal Projectile        Hex/Tloc       64%        N/A       13%         3
 Swiftness                Air            32%        N/A       13%         3
 Teleport Other           Tloc           32%        N/A       13%         3
 Tukima's Dance           Hex            32%        N/A       13%         3
 Summon Hydra             Summ           41%        N/A       28%         7
 Animate Dead             Necr           17%        N/A       36%         4
 Dispel Undead            Necr           35%        3d15      36%         4
 Airstrike                Air            16%        N/A       38%         4
 Cause Fear               Hex            16%        N/A       38%         4
 Olgreb's Toxic Radiance  Pois           32%        N/A       38%         4
 Passage of Golubria      Tloc           32%        N/A       38%         4
 Blade Hands              Tmut           18%        N/A       65%         5
 Alistair's Intoxication  Tmut/Pois      23%        N/A       71%         5
 Excruciating Wounds      Necr           17%        N/A       71%         5
 Yara's Violent Unravell  Hex/Tmut       17%        3d8       71%         5
 Metabolic Englaciation   Hex/Ice        16%        N/A       75%         5
 Haunt                    Necr/Summ      32%        N/A       96%         7
 Malign Gateway           Summ/Tloc      32%        N/A       97%         7
 Death Channel            Necr           17%        N/A       99%         6
 Dispersal                Tloc           16%        N/A       100%        6
 Invisibility             Hex            16%        N/A       100%        6
 Ozocubu's Refrigeration  Ice            16%        4d8       100%        7
 Storm Form               Tmut/Air       17%        N/A       100%        7
 Ignition                 Fire           44%        3d13      73%         8
 Fire Storm               Conj/Fire      63%        8d16      82%         9
 Summon Horrible Things   Summ           41%        N/A       92%         8
 Discord                  Hex            16%        N/A       100%        8
 Maxwell's Capacitive Co  Air            16%        ∞         100%        8
 Chain Lightning          Conj/Air       54%        3d72      100%        9
 Dragon's Call            Summ           41%        N/A       100%        9
 Sublimation of Blood     Necr           Unusable   N/A       N/A         2
 Statue Form              Tmut/Erth      Unusable   N/A       N/A         6

Dungeon Overview and Level Annotations

Branches:
Dungeon (15/15)            Temple (1/1) D:6            Lair (6/6) D:8
 Shoals (4/4) Lair:2       Spider (4/4) Lair:2        Slime (0/5) Lair:6
    Orc (2/2) D:11            Elf (3/3) Orc:2        Vaults (4/5) D:14
  Crypt (0/3) Vaults:2     Depths (0/4) D:15         Bailey (visited)
  IceCv (visited)         Desolation (visited)

Altars:
Ashenzari
Cheibriados
Dithmenos
Elyvilon
Fedhas
Gozag
Hepliaklqana
Kikubaaqudgha
Makhleb
Nemelex Xobeh
Okawaru
Qazlal
Ru
Sif Muna
Trog
Uskayaw
Vehumet
Wu Jian
Xom
Yredelemnul
Zin
The Shining One
Beogh
Jiyva

Shops:
D:4 **   D:9 *   D:11 (   D:12 ?   Orc:2 [*(*   Elf:2 *   Elf:3 [
Shoals:1 [[*

Annotations:
Lair:6 2 transporters, exclusions: ice statue and 2 oklob plants, jasper's ghost, journeyman DsCA


Innate Abilities, Weirdness & Mutations

You are immune to sickness and miasma.
Your stone body is resilient. (AC +16)
You are immune to poison.
Your large and strong wings let you fly.
You resist negative energy. (rN+)
You are resistant to electric shocks. (rElec)
You are resistant to unholy torment.
You are immune to petrification.


Message History

* * * LOW HITPOINT WARNING * * *
You hold your ground!
You block the dire elephant's attack.
The vault guard hits your spellforged servitor with a +1 great mace of pain!
The vault sentinel blows a loud note on a signal horn!
You block the dire elephant's attack.
The dire elephant trunk-slaps you but does no damage.
Unknown command.
Blink to where?
Press: ? - help, Dir - move target, f - you
Okay, then.
As you read the scroll of fear, it crumbles to dust.
You assume a fearsome visage.
The vault warden looks frightened!
The ironbound convoker looks frightened!
The vault sentinel looks frightened!
The vault guard looks frightened!
The dire elephant resists with almost no effort. x2
The dire elephant easily resists.
The dire elephant misses you.
The dire elephant trunk-slaps you but does no damage.
You block the dire elephant's attack.
The dire elephant trunk-slaps you but does no damage.
A vault sentinel opens the door.
The dire elephant tramples you but does no damage.
The dire elephant closely misses you.
Unknown command.
Unknown command.
Okay, then.
You feel much better. The dire elephant misses you.
The dire elephant closely misses you. You block the dire elephant's attack.
The dire elephant trunk-slaps you but does no damage.
Your spellforged servitor gestures at the vault guard while chanting.
The crystal spear misses the vault guard.
The dire elephant tramples you!
* * * LOW HITPOINT WARNING * * *
You hold your ground!
The dire elephant trunk-slaps you but does no damage.
The vault sentinel hits your battlesphere with a +0 long sword!
You swap places.
The dire elephant completely misses your spellforged servitor.
The dire elephant barely misses your spellforged servitor.
The dire elephant tramples you!!!
You die...

,,,* *,,,,...* ##..## ,,,*
****#++#####**** ##..###
,,.###########.........,*##..## #
,,.'.........#.........,*#.)##
,,.'.........#.p...p...,*##'#####
***#.........*.....p...,* #......
#.........#p........,* #......
#..>....9.#YY†......,* #......
#.........#Y9@......,* #......
####.........##########** #.....=
..)'.........##......# #......
...#.....(...##......# #......
...############...<..# #......
...# #......# #...... ...#
#......# #...... ...# #......#
#...... ...# #..○...# #......


You could see 3 dire elephants, a vault warden (strong, fleeing), a vault guard
(strong, fleeing, ally target), a vault sentinel (fleeing), an ironbound
convoker (fleeing), a friendly spellforged servitor (summoned) and a friendly
battlesphere.

Vanquished Creatures
  Xtahua (Vaults:3)
  A tentacled monstrosity (Vaults:1)
  2 deep elf master archers (Elf:3)
  A kraken (Shoals:4)
  4 deep elf blademasters
  2 sphinxes (Vaults:4)
  Gastronok (D:8)
  A shadow dragon (Vaults:4)
  6 deep elf sorcerers
  A frost giant (IceCv)
  2 orc warlords
  6 ghost moths
  6 vault wardens
  2 deep elf elementalists
  5 emperor scorpions
  A juggernaut zombie (D:15)
  The ghost of FoghornLeghorn the Fighter, a journeyman DgFE (Orc:2)
  The ghost of jasper the Cleaver, a journeyman DsAr of Okawaru (Orc:2)
  The ghost of AlleluiaPinecone the Fighter, a journeyman GnWn of Okawaru (Orc:2)
  5 very ugly things
  2 stone giants (D:13)
  8 ironbound preservers
  A deep elf demonologist (Elf:3)
  Nessos (D:12)
  8 entropy weavers
  6 deep elf annihilators (Elf:3)
  3 halazid warlocks (Desolation)
  12 dire elephants
  2 spark wasps
  8 merfolk javelineers
  An ettin (Vaults:3)
  2 deep elf death magi (Elf:3)
  A fire dragon (Lair:6)
  5 merfolk impalers
  Snorg (Lair:3)
  4 crystal guardians
  A great orb of eyes (Vaults:2)
  6 yaktaur captains
  3 ragged hierophants (Desolation)
  Fannar (D:11)
  A hydra (shapeshifter) (D:15)
  3 nameless horrors
  4 peacekeepers
  2 hydras
  6 servants of whispers
  3 vault guards (Vaults:4)
  Erolcha (D:9)
  2 merfolk avatars
  2 catoblepae
  9 ironbound thunderhulks
  2 ogre magi
  3 ironbound frosthearts
  An alligator snapping turtle (Shoals:2)
  4 merfolk aquamancers
  19 centaur warriors
  3 satyrs (Shoals:4)
  11 two-headed ogres
  2 tengu warriors
  A vampire mage (D:15)
  12 death yaks
  25 dancing weapons
  5 spriggan berserkers (Elf:3)
  An orc high priest (Orc:2)
  18 deep elf knights
  2 storm dragon zombies
  2 skeletal warriors (D:15)
  17 deep trolls
  10 sea snakes
  A swamp dragon (Lair:6)
  9 deep elf archers
  39 deep elf pyromancers
  8 wizards
  12 ironbound convokers
  6 lindwurms
  42 harpies
  29 deep elf zephyrmancers
  9 orc knights
  4 necromancers
  36 wolf spiders
  13 orb spiders
  4 orc sorcerers (Orc:2)
  A stone giant zombie (D:15)
  11 fauns
  A fire giant zombie (D:15)
  12 cyclopes
  A moth of wrath (Spider:4)
  31 ugly things
  7 merfolk sirens
  19 manticores
  9 elephants
  5 water nymphs
  12 vault sentinels
  2 guardian serpents (Desolation)
  13 cane toads
  8 black mambas
  2 ice statues
  A torpor snail (Spider:3)
  Joseph (D:8)
  2 gargoyles
  Maggie (D:6)
  3 unseen horrors
  A human zombie (Vaults:3)
  4 komodo dragons
  Psyche (D:8)
  6 demonic crawlers
  A freezing wraith (Lair:5)
  2 ice devils (Lair:5)
  4 rime drakes
  27 yaktaurs
  30 jumping spiders
  7 trolls
  9 polar bears
  23 merfolk
  20 hornets
  Prince Ribbit (D:5)
  5 wind drakes
  3 meliai (D:14)
  18 saltlings
  2 ettin zombies
  13 blink frogs
  14 dream sheep
  25 slime creatures
  A centaur simulacrum (D:15)
  7 snapping turtles
  4 shadows
  12 water elementals
  3 air elementals
  67 redbacks
  31 tarantellas
  A deep troll skeleton (Vaults:1)
  7 wyverns
  A vampire (D:11)
  4 wraiths
  28 yaks
  2 basilisks (Lair:6)
  2 fire elementals
  4 steam dragons
  8 vampire mosquitoes (D:13)
  Edmund (D:6)
  3 acid dragons
  2 wargs
  A floating eye (shapeshifter) (Elf:3)
  2 swamp drakes (Lair:6)
  A black bear (Lair:4)
  29 orc warriors
  12 water moccasins
  5 ice beasts
  2 boggarts (Elf:1)
  31 wolves
  9 ogres
  17 centaurs
  A phantom (D:5)
  A kobold brigand (D:10)
  12 bullfrogs
  A wyvern zombie (D:7)
  A human simulacrum (Vaults:3)
  A gnoll sergeant (D:7)
  2 scorpions (D:6)
  5 earth elementals
  12 wights
  10 killer bees
  4 howler monkeys
  4 electric eels
  2 centaur zombies
  3 hounds
  2 centaur skeletons
  2 jellies
  28 orc priests
  2 gnoll shamans
  10 iguanas
  37 orc wizards
  3 howler monkey zombies
  16 gnolls
  A howler monkey skeleton (D:7)
  5 adders
  A shadow imp (D:8)
  4 white imps (Lair:5)
  An ufetubus (D:6)
  2 adder skeletons (D:4)
  6 worms
  73 orcs
  6 ball pythons
  8 bats
  7 endoplasms
  3 giant cockroaches
  7 goblins
  8 hobgoblins
  4 jackals (D:1)
  A frilled lizard (D:2)
  11 kobolds
  17 rats
  2 bushes (Shoals:4)
  2 tentacles (Shoals:4)
1492 creatures vanquished.

Vanquished Creatures (collateral kills)
  Bai Suzhen (Vaults:3)
  Asterion (Vaults:3)
  5 vault wardens
  An orc warlord (Vaults:4)
  7 ironbound preservers
  4 very ugly things
  4 dire elephants
  4 ragged hierophants (Desolation)
  2 ironbound thunderhulks
  2 yaktaur captains
  6 vault guards
  A servant of whispers (Desolation)
  2 great orbs of eyes
  4 centaur warriors
  An ironbound frostheart (Vaults:2)
  2 peacekeepers (Desolation)
  3 deep trolls
  A glowing orange brain (Vaults:4)
  2 ironbound convokers
  2 wizards (Vaults:3)
  3 orc knights
  4 lindwurms
  A necromancer (Vaults:1)
  8 ugly things
  A frost giant skeleton (Vaults:1)
  2 vault sentinels (Vaults:3)
  11 yaktaurs
  A sphinx simulacrum (Vaults:3)
  23 saltlings (Desolation)
  A blink frog (shapeshifter) (Vaults:4)
  A hornet (Spider:4)
  16 slime creatures (Vaults:3)
  A nameless horror (Vaults:2)
128 creatures vanquished.

Vanquished Creatures (others)
  A deep elf pyromancer (Elf:1)
  A deep elf zephyrmancer (Elf:3)
  A wolf (Lair:6)
  A bush (Shoals:4)
  17 fungi
  83 plants
  6 tentacles (Shoals:4)
  6 withered plants
116 creatures vanquished.

Grand Total: 1736 creatures vanquished

Notes
Turn   | Place    | Note
-------+----------+-------------------------------------------
     0 | D:1      | rogsnak the Gargoyle Earth Elementalist began the quest for
                  | the Orb.
     0 | D:1      | Reached XP level 1. HP: 10/10 MP: 3/3
   232 | D:1      | Reached XP level 2. HP: 15/15 MP: 5/5
   581 | D:1      | Reached XP level 3. HP: 17/19 MP: 6/6
  1355 | D:2      | Reached skill level 5 in Earth Magic
  1362 | D:2      | Found an ornate altar of the Wu Jian Council.
  1396 | D:2      | Reached XP level 4. HP: 24/24 MP: 7/7
  1823 | D:3      | Found an opulent altar of Gozag.
  1823 | D:3      | Found a bloodstained altar of Trog.
  1824 | D:3      | Found a radiant altar of Vehumet.
  1825 | D:3      | Found a glowing silver altar of Zin.
  1825 | D:3      | Found a white marble altar of Elyvilon.
  1825 | D:3      | Found a shadowy altar of Dithmenos.
  1836 | D:3      | Reached skill level 1 in Fighting
  2425 | D:3      | Found a broken altar of Ashenzari.
  2562 | D:3      | Reached XP level 5. HP: 29/29 MP: 8/8
  2917 | D:4      | Noticed an ogre
  2925 | D:4      | Killed an ogre
  2926 | D:4      | Reached XP level 6. HP: 7/36 MP: 5/10
  2930 | D:4      | Learned a level 3 spell: Stone Arrow
  3809 | D:4      | Reached skill level 1 in Conjurations
  4090 | D:4      | Found Liorin's Specific Store.
  4090 | D:4      | Found Muluu's General Store.
  4370 | D:5      | Entered Level 5 of the Dungeon
  4373 | D:5      | Reached XP level 7. HP: 41/41 MP: 11/11
  4690 | D:5      | Noticed Prince Ribbit
  4697 | D:5      | Killed Prince Ribbit
  4698 | D:5      | Reached skill level 2 in Conjurations
  5115 | D:5      | Reached skill level 3 in Conjurations
  5273 | D:5      | Reached XP level 8. HP: 31/47 MP: 5/14
  6105 | D:6      | Found a staircase to the Ecumenical Temple.
  6121 | Temple   | Entered the Ecumenical Temple
  6178 | Temple   | Became a worshipper of Sif Muna the Loreminder
  6205 | D:6      | Reached skill level 4 in Conjurations
  6366 | D:6      | Noticed Edmund
  6378 | D:6      | Killed Edmund
  6779 | D:6      | Reached skill level 5 in Conjurations
  6930 | D:6      | Noticed Maggie
  7045 | D:6      | Killed Maggie
  7046 | D:6      | Reached skill level 5 in Spellcasting
  7046 | D:6      | Reached XP level 9. HP: 44/52 MP: 7/16
  7198 | D:6      | Reached skill level 6 in Conjurations
  7946 | D:7      | Reached * piety under Sif Muna
  8035 | D:7      | Learned a level 4 spell: Sticky Flame
  8422 | D:7      | Reached skill level 7 in Conjurations
  8715 | D:7      | You fall into a shaft and drop 3 floors!
  8715 | D:10     | Entered Level 10 of the Dungeon
  8764 | D:10     | Found a flagged portal.
  8902 | Bailey   | Entered a bailey
  8934 | Bailey   | Reached skill level 1 in Armour
  9036 | Bailey   | Noticed an orc knight
  9302 | Bailey   | Noticed an orc knight
  9302 | Bailey   | Noticed an orc knight
  9460 | Bailey   | HP: 1/52 [orc knight (11)]
  9763 | Bailey   | Killed an orc knight
  9764 | Bailey   | Reached skill level 8 in Conjurations
  9764 | Bailey   | Reached XP level 10. HP: 56/56 MP: 15/19
  9960 | Bailey   | Killed an orc knight
  9961 | Bailey   | Reached skill level 1 in Evocations
 10073 | Bailey   | Killed an orc knight
 10279 | Bailey   | Reached skill level 9 in Conjurations
 11092 | D:7      | Reached ** piety under Sif Muna
 11272 | D:8      | Noticed a two-headed ogre
 11281 | D:8      | Killed a two-headed ogre
 11378 | D:8      | Noticed Gastronok
 11441 | D:8      | Killed Gastronok
 11442 | D:8      | Reached skill level 10 in Conjurations
 11442 | D:8      | Reached skill level 1 in Fire Magic
 11442 | D:8      | Reached skill level 10 in Earth Magic
 11442 | D:8      | Reached XP level 11. HP: 49/61 MP: 5/22
 11839 | D:8      | Found a staircase to the Lair.
 11839 | D:8      | Noticed Psyche
 11843 | D:8      | Killed Psyche
 12226 | D:8      | Noticed Joseph
 12235 | D:8      | Killed Joseph
 12512 | D:9      | Identified the +0 chain mail of Articulation {Int+4}
 12538 | D:9      | Found a burning altar of Makhleb.
 12576 | D:9      | Noticed Erolcha
 12939 | D:9      | Noticed a two-headed ogre
 12945 | D:9      | Killed a two-headed ogre
 13130 | D:9      | Killed Erolcha
 13131 | D:9      | Reached skill level 11 in Conjurations
 13387 | D:9      | Found Eske Gibb's General Store.
 13435 | D:9      | Identified the +1 scale mail "Kuefeu" {rElec Int+4 Dex-4}
 14308 | D:11     | Reached *** piety under Sif Muna
 14388 | D:11     | Found a staircase to the Orcish Mines.
 14495 | D:11     | Noticed Fannar
 14573 | D:11     | Found Ahiaph's Weapon Emporium.
 14944 | D:11     | Noticed a green ugly thing
 15076 | D:10     | Killed a green ugly thing
 15384 | D:11     | Killed Fannar
 15385 | D:11     | Reached skill level 12 in Conjurations
 15510 | D:11     | Reached XP level 12. HP: 67/67 MP: 20/24
 15843 | D:12     | Found Pifeced's Magic Scroll Emporium.
 15845 | D:12     | Noticed a two-headed ogre
 15859 | D:11     | Killed a two-headed ogre
 16037 | D:12     | Bought a scroll of acquirement for 676 gold pieces
 16037 | D:12     | Acquired 724 gold pieces
 16039 | D:12     | Acquired 360 gold pieces
 16041 | D:12     | Bought a scroll of acquirement for 676 gold pieces
 16041 | D:12     | Acquired a staff of conjuration
 16068 | D:12     | Identified the +2 robe of Per Fuc {*Slow rC++}
 16114 | D:12     | Learned a level 5 spell: Lee's Rapid Deconstruction
 16167 | D:12     | You fall into a shaft and drop 2 floors!
 16312 | D:14     | Reached skill level 13 in Conjurations
 16966 | D:13     | Reached **** piety under Sif Muna
 17216 | D:13     | Noticed a centaur warrior
 17226 | D:13     | Killed a centaur warrior
 17404 | D:13     | Noticed a tengu warrior
 17421 | D:13     | Killed a tengu warrior
 17479 | D:12     | Noticed a two-headed ogre
 17482 | D:12     | Killed a two-headed ogre
 17483 | D:12     | Reached skill level 14 in Conjurations
 17648 | D:12     | Reached skill level 10 in Spellcasting
 17724 | D:12     | Reached XP level 13. HP: 72/72 MP: 23/27
 17888 | D:12     | Reached skill level 5 in Dodging
 18243 | D:12     | Identified the +2 robe of Infinity {rElec rC+++ rCorr
                  | Str-5}
 18283 | D:12     | Noticed Nessos
 18293 | D:12     | Killed Nessos
 19042 | D:13     | Found a transporter.
 19046 | D:13     | Found a transporter.
 19046 | D:13     | Noticed a stone giant
 19049 | D:13     | Noticed a stone giant
 19848 | D:14     | Reached skill level 1 in Shields
 19939 | D:14     | Reached skill level 15 in Conjurations
 20533 | D:14     | Identified the +4 scale mail of Ruces {rC++ rN+}
 20743 | D:14     | Got the Tome of Excruciating Darkness
 20809 | D:14     | Learned a level 4 spell: Flame Wave
 21053 | D:14     | Found a gate to the Vaults.
 21198 | D:15     | Entered Level 15 of the Dungeon
 21476 | Orc:1    | Entered Level 1 of the Orcish Mines
 21810 | Orc:1    | Reached ***** piety under Sif Muna
 22063 | Orc:2    | Entered Level 2 of the Orcish Mines
 22063 | Orc:2    | Found a staircase to the Elven Halls.
 22073 | Orc:2    | Received a gift from Sif Muna
 22079 | Orc:2    | Got Sif Muna's Incunabulum of Displaced Conjuration {god
                  | gift}
 22086 | Orc:2    | Learned a level 5 spell: Iskenderun's Battlesphere
 22281 | Orc:2    | Reached skill level 5 in Fighting
 22542 | Orc:2    | Found a runed translucent gate.
 22542 | Orc:2    | Found a runed translucent gate.
 22542 | Orc:2    | Found a runed translucent gate.
 22544 | Orc:2    | Noticed AlleluiaPinecone's ghost (journeyman GnWn)
 22544 | Orc:2    | Noticed jasper's ghost (journeyman DsAr)
 22544 | Orc:2    | Noticed FoghornLeghorn's ghost (journeyman DgFE)
 23653 | Orc:2    | Reached skill level 16 in Conjurations
 23653 | Orc:2    | Gained mutation: Your large and strong wings let you fly.
                  | [Gargoyle growth]
 23653 | Orc:2    | Reached XP level 14. HP: 78/78 MP: 9/29
 24164 | Orc:2    | Paralysed by an orc sorcerer for 3 turns
 24258 | Orc:2    | Found Ruzyziym's Assorted Antiques.
 24258 | Orc:2    | Found Palyink's Antique Weapon Shop.
 24259 | Orc:2    | Found Uxigruk's Antique Armour Boutique.
 24263 | Orc:2    | Found Baojiev's Assorted Antiques.
 24316 | Orc:2    | Bought a pair of polished gloves for 294 gold pieces
 24316 | Orc:2    | Identified the +0 pair of gloves of Gluttony {MP+9} (You
                  | bought it in a shop on level 2 of the Orcish Mines)
 24613 | Lair:1   | Entered Level 1 of the Lair of Beasts
 24834 | Lair:1   | Received a gift from Sif Muna
 24835 | Lair:1   | Got Sif Muna's Compendium of Harmful Earth {god gift}
 25621 | Lair:2   | Found a staircase to the Shoals.
 25951 | Lair:2   | Reached skill level 5 in Armour
 26344 | Lair:2   | Found a hole to the Spider Nest.
 26787 | Lair:3   | Acquired the ring "Byh Goaz" {Contam rF+ Str+6 Int+5
                  | Slay+3}
 27079 | Lair:3   | Noticed Snorg
 27084 | Lair:3   | Killed Snorg
 27266 | Lair:3   | Reached skill level 17 in Conjurations
 27806 | Lair:3   | You are sucked into a shaft and drop 1 floor!
 28418 | Lair:4   | Reached skill level 5 in Fire Magic
 28928 | Lair:5   | Found a frozen archway.
 28980 | IceCv    | Entered an ice cave
 29380 | IceCv    | Reached XP level 15. HP: 76/82 MP: 31/31
 29450 | IceCv    | Noticed a frost giant
 29897 | IceCv    | Killed a frost giant
 30104 | Lair:5   | Upgraded the game from 0.28-a0-793-g31680bbd8b to
                  | 0.28-a0-794-gafe8c5f9e9
 30181 | Lair:5   | Learned a level 8 spell: Lehudib's Crystal Spear
 30226 | Lair:5   | Received a gift from Sif Muna
 30227 | Lair:5   | Reached skill level 18 in Conjurations
 30239 | Lair:5   | Got Gasid's Handbook of Attacks and the Entourage {god
                  | gift}
 30249 | Lair:5   | Learned a level 6 spell: Iron Shot
 30869 | Lair:5   | Identified the +2 chain mail of Imudyath {rC+}
 30954 | Lair:6   | Entered Level 6 of the Lair of Beasts
 30983 | Lair:6   | Noticed jasper's ghost (journeyman DsCA)
 30995 | Lair:6   | Found a transporter.
 31465 | Lair:6   | Found a transporter.
 31603 | Lair:6   | Found a sparkling altar of Nemelex Xobeh.
 33008 | Lair:6   | Found a viscous altar of Jiyva.
 33008 | Lair:6   | Found a staircase to the Slime Pits.
 33142 | Spider:1 | Entered Level 1 of the Spider Nest
 33175 | Shoals:1 | Entered Level 1 of the Shoals
 33175 | Shoals:1 | Found Toafic's General Store.
 33184 | Shoals:1 | Reached skill level 15 in Earth Magic
 33346 | Shoals:1 | Bought a potion of heal wounds for 75 gold pieces
 33346 | Shoals:1 | Bought a scroll of blinking for 112 gold pieces
 33350 | Shoals:1 | Bought a scroll of identify for 30 gold pieces
 33428 | Shoals:1 | Received a gift from Sif Muna
 33429 | Shoals:1 | Reached skill level 19 in Conjurations
 33518 | Shoals:1 | Found Tuig's Armour Boutique.
 33523 | Shoals:1 | Found Loraa's Antique Armour Shop.
 33933 | Shoals:1 | Reached XP level 16. HP: 77/87 MP: 33/33
 33970 | Shoals:1 | HP: 3/87 [merfolk javelineer/silver javelin (12)]
 34506 | Shoals:1 | Learned a level 5 spell: Freezing Cloud
 34997 | Shoals:2 | Reached skill level 10 in Fire Magic
 35673 | Shoals:3 | Received a gift from Sif Muna
 36055 | Shoals:3 | Reached skill level 20 in Conjurations
 36704 | Shoals:4 | Entered Level 4 of the Shoals
 37167 | Shoals:4 | Received a gift from Sif Muna
 37245 | Shoals:4 | Got the Compendium of Mutagenic Confrontation
 37272 | Shoals:4 | Reached XP level 17. HP: 66/92 MP: 15/34
 37379 | Shoals:4 | Got a barnacled rune of Zot
 38056 | Shoals:4 | Reached skill level 21 in Conjurations
 38113 | Shoals:4 | Noticed a kraken
 38295 | Shoals:4 | Identified the +2 shortbow of Recuppyack {venom, rElec}
 38331 | Shoals:4 | Killed a kraken
 39194 | D:13     | Paralysed by something for 7 turns
 39426 | D:13     | Identified the +2 cloak "Xuugaer" {Rampage}
 39614 | Orc:2    | Killed jasper's ghost
 39702 | Orc:2    | Killed AlleluiaPinecone's ghost
 39702 | Orc:2    | Received a gift from Sif Muna
 39705 | Orc:2    | Killed FoghornLeghorn's ghost
 39708 | Orc:2    | Got Gooj's Catalogue of Venomous Unholy Arts {god gift}
 39758 | Orc:2    | Bought a pair of pitted gloves for 294 gold pieces
 39758 | Orc:2    | Identified the +0 pair of gloves of Masochism {+Inv} (You
                  | bought it in a shop on level 2 of the Orcish Mines)
 39802 | Elf:1    | Entered Level 1 of the Elven Halls
 41212 | Elf:1    | Reached XP level 18. HP: 87/96 MP: 8/36
 41471 | Elf:1    | Reached skill level 1 in Invocations
 42009 | Elf:2    | Reached skill level 22 in Conjurations
 42129 | Elf:2    | Reached skill level 15 in Spellcasting
 42188 | Elf:2    | Paralysed by an air elemental for 1 turns
 42527 | Elf:2    | Found a runed translucent gate.
 42527 | Elf:2    | Found a runed translucent gate.
 42527 | Elf:2    | Found a runed translucent gate.
 43191 | Elf:2    | Noticed a deep elf blademaster
 43331 | Elf:2    | Learned a level 5 spell: Borgnjor's Vile Clutch
 43367 | Elf:2    | Killed a deep elf blademaster
 43674 | Elf:2    | Received a gift from Sif Muna
 43676 | Elf:2    | Got Sif Muna's Disquisition on Combat Magic {god gift}
 43921 | Elf:3    | Entered Level 3 of the Elven Halls
 44078 | Elf:2    | Found Puxziv's Assorted Antiques.
 44154 | Elf:2    | Identified the +10 scythe of Greed {pain, rElec rC+}
 44161 | Elf:2    | Acquired the amulet of the Bull {rC+ Will- Regen+ Str-2
                  | Int+8}
 44619 | Elf:3    | Found Inomuasm's Antique Armour Boutique.
 44627 | Elf:3    | Bought a distressingly furry leather armour for 245 gold
                  | pieces
 44627 | Elf:3    | Identified the +1 leather armour "Ragiumaeps" {Stlth+} (You
                  | bought it in a shop on level 3 of the Elven Halls)
 44849 | Elf:3    | Found a bloodstained altar of Trog.
 44970 | Elf:3    | Noticed a deep elf master archer
 44972 | Elf:3    | Killed a deep elf master archer
 45090 | Elf:3    | Noticed a deep elf blademaster
 45198 | Elf:3    | Killed a deep elf blademaster
 45209 | Elf:3    | Reached skill level 5 in Invocations
 45323 | Elf:3    | Killed a deep elf blademaster
 45324 | Elf:3    | Reached XP level 19. HP: 101/101 MP: 37/38
 45444 | Elf:3    | Identified the ring "Unoxoabb" {rC+ Will++ Slay+3 SInv}
 45594 | Elf:3    | Identified the ring "Retoi" {Fly rN++}
 45642 | Elf:3    | Identified the +9 whip "Xuehuuxo" {drain, rC- rN++}
 45680 | Elf:3    | Identified the ring "Bearesch" {rElec rPois rN+ Will-
                  | Str+6}
 45712 | Elf:3    | Identified the +1 lajatang "Lufeaz" {venom, Fragile rPois
                  | Str+6}
 45712 | Elf:3    | Identified the amulet of Ysocab {RegenMP Dex+2}
 45763 | Elf:3    | Identified the +4 war axe of Omepsiju {venom, rElec rPois
                  | Stlth+}
 45875 | Elf:3    | Identified the +1 scale mail of Starshine {Rampage *Slow
                  | Will++ MP+9}
 45980 | Elf:3    | Got the Compendium of Confrontation and Calling
 46588 | Spider:1 | Received a gift from Sif Muna
 48377 | Spider:3 | Reached skill level 23 in Conjurations
 48515 | Spider:3 | Received a gift from Sif Muna
 49414 | Spider:4 | Entered Level 4 of the Spider Nest
 49817 | Spider:4 | Received a gift from Sif Muna
 50187 | Spider:4 | Reached ****** piety under Sif Muna
 50210 | Spider:4 | Reached XP level 20. HP: 106/106 MP: 10/41
 50741 | Spider:4 | Received a gift from Sif Muna
 50742 | Spider:4 | Got Sif Muna's Handbook of Wyrd {god gift}
 50751 | Spider:4 | Learned a level 7 spell: Spellforged Servitor
 51002 | Spider:4 | Reached skill level 1 in Summonings
 51201 | Spider:4 | Got a gossamer rune of Zot
 52179 | D:15     | Found a staircase to the Depths.
 53026 | Vaults:1 | Entered Level 1 of the Vaults
 53468 | Vaults:1 | Reached skill level 5 in Summonings
 53802 | Vaults:1 | Received a gift from Sif Muna
 53804 | Vaults:1 | Got Sif Muna's Collected Works on Flames and Malediction
                  | {god gift}
 54840 | Vaults:1 | Reached skill level 24 in Conjurations
 55113 | Vaults:1 | Reached XP level 21. HP: 110/110 MP: 25/43
 56011 | Vaults:2 | Received a gift from Sif Muna
 56013 | Vaults:2 | Got Juqegemi's Almanac of Hexes {god gift}
 56276 | Vaults:2 | Reached skill level 5 in Shields
 56893 | Vaults:2 | Found a staircase to the Crypt.
 57824 | Vaults:3 | Noticed Asterion
 57825 | Vaults:3 | Received a gift from Sif Muna
 57829 | Vaults:3 | Killed Asterion
 57894 | Vaults:3 | Got Ogauvexy's Tome of Envenoming and Air {god gift}
 58941 | Vaults:3 | Noticed Bai Suzhen
 58948 | Vaults:3 | Killed Bai Suzhen
 58949 | Vaults:3 | Reached XP level 22. HP: 116/116 MP: 41/45
 59129 | Vaults:3 | Noticed Xtahua
 59133 | Vaults:3 | Killed Xtahua
 59218 | Vaults:4 | Reached skill level 10 in Summonings
 59236 | Vaults:4 | Found a crumbling gateway.
 59249 | Vaults:4 | Received a gift from Sif Muna
 59350 | Desolati | Entered the Desolation of Salt
 59510 | Desolati | Reached skill level 25 in Conjurations
 59636 | Desolati | Identified the +7 battleaxe "Qifafaas" {pain, rPois rF+
                  | Will+ Dex+3}
 60060 | Desolati | Identified the +0 pearl dragon scales "Qenonoiwn" {rF+ rN+
                  | Stlth+}
 60074 | Desolati | Identified the +8 falchion of Tyok {freeze, Str+4 Dex+4}
 60479 | Desolati | Received a gift from Sif Muna
 60525 | Desolati | Got Sif Muna's Guide on Gliding Black Rituals {god gift}
 60533 | Desolati | Identified the +1 robe of Starshine {rPois rN+}
 60576 | Desolati | Identified the ring "Nyngoud" {rPois rC++ Will- Dex+6 SInv}
 60582 | Desolati | Found the +3 sling "Punk" {acid, rCorr}
 61616 | Vaults:4 | Demolished by a dire elephant

Illustrated notes

Levels and vault maps discovered:
D:1:      pf_arrival_petrified_forest, layout_loops_ring, st_stairs_14,
          hangedman_abyss_or_decor_lesser_grid, minmay_quantized
D:2:      layout_basic, basic_altar, minmay_rat_gold_closets
D:3:      layout_basic, grunt_temple_overflow_open, overflow_temple_1_default
D:4:      layout_basic, kennysheep_nondescript, nicolae_specific_store,
          chequers_serial_rivers_large_a, minmay_misc_feat_hallway,
          minmay_manual_maat
D:5:      layout_loops_ring, uniq_prince_ribbit1
D:6:      layout_gridville, temple_pool_b, uniq_edmund, uniq_maggie
D:7:      layout_gridville
D:8:      layout_gridville, lair_entry_dummy, uniq_gastronok, uniq_psyche,
          uniq_joseph
D:9:      layout_irregular_city, mainiacjoe_overflow_surrounded_room,
          serial_shops, nicolae_shop_competitors_out_of_business, uniq_erolcha
D:10:     layout_basic, enter_bailey_2
D:11:     layout_rooms, orc_0_dummy, serial_shops, kennysheep_little_box,
          minmay_joined_circles, uniq_fannar
D:12:     layout_basic, serial_park_tiny_2, nicolae_stop_n_shop_1, uniq_nessos
D:13:     gammafunk_beogh_shrine, layout_basic, interstate_on_off
D:14:     layout_basic, david_vaults_1, serial_bayou_shore_b
D:15:     gammafunk_depths_entry_grave, layout_irregular_city,
          hangedman_decor_riveting, uniq_louise
Temple:   eino_temple_water
Lair:1:   layout_regular_city
Lair:2:   layout_chaotic_city, minmay_shoals_entry_centaurs,
          spider_nest_entry_rubble
Lair:3:   layout_loops_ring, lemuel_fruit_fields, serial_bayou_shore_b,
          grunt_megastairs_4, uniq_snorg
Lair:4:   layout_misc_corridors
Lair:5:   layout_misc_corridors, portal_ice_cave_demonic_guard, ice2_lemuel
Lair:6:   guppyfry_lair_end_dragon, layout_concentric_octagons,
          hangedman_lair_in_review, dpeg_slime_entry_enclosed_altar,
          nzn_ghost_randoct, basic_altar
Shoals:1: layout_shoals, serial_shops, shop, nicolae_take_the_stairs, shop
Shoals:2: layout_shoals
Shoals:3: layout_shoals
Shoals:4: shoals_end_simple, layout_shoals, yaktaur_hedge
Spider:1: layout_spider_delve
Spider:2: layout_spider_delve, nicolae_spider_cling_halls
Spider:3: nicolae_spider_hilbert_zone_2 [nicolae_spider_hilbert_4_sides_1_open,
          nicolae_spider_hilbert_4_sides_1_open,
          nicolae_spider_hilbert_4_sides_1_open,
          nicolae_spider_hilbert_4_sides_1_open,
          nicolae_spider_hilbert_6_sides_1_open,
          nicolae_spider_hilbert_6_sides_1_open,
          nicolae_spider_hilbert_3_sides_1_open,
          nicolae_spider_hilbert_3_sides_1_open,
          nicolae_spider_hilbert_3_sides_1_open,
          nicolae_spider_hilbert_3_sides_1_open,
          nicolae_spider_hilbert_6_sides_1_open,
          nicolae_spider_hilbert_6_sides_1_open,
          nicolae_spider_hilbert_6_sides_1_open,
          nicolae_spider_hilbert_6_sides_1_open]
Spider:4: spider_rune_water, hive_lemuel
Orc:1:    nicolae_orc_accident_2, layout_caves, serial_shops
Orc:2:    st_orc_mages, layout_diamond_mine, gammafunk_ghost_cemetery,
          basic_altar
Elf:1:    minmay_the_grid_octo_tiled_squarecenter_mashed
          [minmay_the_grid_octo_fat_diamond, minmay_the_grid_octo_checkerflower,
          minmay_the_grid_octo_77, minmay_the_grid_octo_pinwheel,
          minmay_the_grid_square_5x5_megaprize_crossed,
          minmay_the_grid_square_5x5_detours,
          minmay_the_grid_square_5x5_trominoes,
          minmay_the_grid_square_5x5_three_walls,
          minmay_the_grid_square_5x5_hollow_slash], layout_geoelf_octagon,
          hangedman_elf_disciples
Elf:2:    elven_hall_of_blades_hangedman_original
          [nicolae_blade_entry_hurt_lockers], layout_loops_cross, serial_shops,
          shop_statue
Elf:3:    minmay_elf_hall, layout_loops_corners, serial_shops,
          nicolae_diamond_shop, evilmike_spriggan_trog_shrine
Vaults:1: grunt_vaults_focal, dpeg_vaults_monster_box, st_diamondy, v_misc_25,
          hangedman_vaults_impose, nicolae_vaults_windows_and_doors_thing,
          grunt_vaults_bifocal, vaults_dpeg_encased_lava,
          nicolae_vaults_gold_heap, vaults_mumra_chevron,
          nicolae_vaults_disjoint_gnomons, hangedman_vaults_snaps,
          vaults_dpeg_hooks, grunt_vaults_diagonal, vaults_room_door_hall,
          dpeg_vaults_monster_row, layout_vaults_maze_bifur
Vaults:2: v_misc_24, v_misc_29, ontoclasm_vaults_gateway, grunt_vaults_funnel,
          nicolae_vaults_little_squares_2, nicolae_vaults_an_arrangement,
          vaults_room_fancy_cross, vaults_mumra_minichess,
          nicolae_vaults_alarming, nicolae_vaults_mini_display_case,
          ontoclasm_vaults_hangar, grunt_vaults_swirl, layout_vaults_omnicross,
          dummy_crypt_entry
Vaults:3: ontoclasm_vaults_chip, nicolae_vaults_know_your_exits, v_misc_4,
          vaults_room_grid, v_misc_28, vaults_room_door_hall,
          layout_vaults_quadrants, uniq_xtahua, uniq_asterion, uniq_bai_suzhen
Vaults:4: portal_desolation_entry_nicolae_nacl, grunt_vaults_hallway_long,
          v_misc_29, vaults_dpeg_cross, nicolae_vaults_holding_cells,
          ontoclasm_vaults_ring_square, vaults_dpeg_diagonal,
          nicolae_vaults_little_squares_4, vaults_standard_mumra_x,
          vaults_mumra_hex, nicolae_vaults_little_squares_2,
          layout_vaults_omnibox, serial_shops, nicolae_shop_statue_plus,
          uniq_boris

Skill      XL: |  1  2  3  4  5  6  7  8  9 10 11 12 13 14 15 16 17 18 19 20 21 22 |
---------------+-------------------------------------------------------------------+-----
Earth Magic    | 4 5 6 8 9 10 11 12 13 14 15 16 17 18 19 20 | 20.6
Dodging        | 2 3 4 5 6 |  6.6
Fighting       | 1 2 3 4 5 |  5.6
Spellcasting   | 3 4 5 6 7 8 10 11 12 13 14 15 17 18 19 | 19.8
Conjurations   | 1 3 5 8 10 12 14 16 17 19 20 21 22 23 24 25 | 25.5
Armour         | 1 2 4 5 6 |  6.1
Evocations     | 1 |  1.4
Fire Magic     | 1 2 3 4 5 8 11 13 | 13.4
Shields        | 1 2 3 4 5 |  5.3
Invocations    | 5 6 |  6.3
Summonings     | 6 9 11 | 11.7
Stealth        | |  2.1
Necromancy     | |  0.3
Transmutations | |  0.7

Action                   |  1- 3 |  4- 6 |  7- 9 | 10-12 | 13-15 | 16-18 | 19-21 | 22-24 || total
-------------------------+-------+-------+-------+-------+-------+-------+-------+-------++-------
Melee: Short sword       |    92 |   110 |     3 |       |       |       |       |       ||   205
       Flail             |       |       |    30 |    16 |       |       |       |       ||    46
       Falchion          |       |       |       |    29 |    16 |    15 |       |       ||    60
       Staff             |       |       |       |       |     5 |     7 |     6 |     8 ||    26
       Scimitar          |       |       |       |       |       |       |     9 |       ||     9
Throw: Dart              |       |       |       |    27 |       |       |       |       ||    27
 Cast: Sandblast         |     1 |    11 |     2 |       |       |       |       |       ||    14
       Stone Arrow       |       |     3 |   166 |   248 |   530 |   243 |   374 |    73 ||  1637
       Sticky Flame      |       |       |       |    34 |    52 |    27 |    36 |     4 ||   153
       Lee's Rapid Decon |       |       |       |     1 |    12 |    44 |    33 |     4 ||    94
       Iskenderun's Batt |       |       |       |       |   112 |   115 |   153 |    35 ||   415
       Flame Wave        |       |       |       |       |     8 |     5 |       |     3 ||    16
       Iron Shot         |       |       |       |       |    15 |    99 |   220 |    72 ||   406
       Freezing Cloud    |       |       |       |       |       |    93 |    80 |     6 ||   179
       Borgnjor's Vile C |       |       |       |       |       |     1 |     1 |     1 ||     3
       Spellforged Servi |       |       |       |       |       |       |    46 |    43 ||    89
       Lehudib's Crystal |       |       |       |       |       |       |       |     3 ||     3
Invok: Channel Magic     |       |       |       |       |       |       |       |     1 ||     1
Evoke: Wand              |       |       |     9 |       |     1 |       |     1 |       ||    11
  Use: Scroll            |       |       |     2 |    10 |    15 |    11 |     1 |     2 ||    41
       Potion            |       |       |       |     1 |       |     3 |     1 |     2 ||     7
 Stab: Sleeping          |     7 |     9 |       |       |     1 |       |       |       ||    17
       Petrified         |       |       |       |       |     1 |       |       |       ||     1
Armor: Robe              |    31 |    36 |    17 |       |    32 |    58 |       |       ||   174
       Acid dragon scale |       |       |    16 |    80 |       |       |       |       ||    96
       Troll leather arm |       |       |       |    61 |    75 |    25 |   147 |    46 ||   354
Dodge: Dodged            |    58 |    64 |    48 |   138 |   114 |    76 |   111 |    35 ||   644
Block: Other             |       |       |       |     4 |    19 |       |       |       ||    23
       Reflection        |       |       |       |     1 |     7 |    28 |       |       ||    36
       Buckler           |       |       |       |       |    46 |    47 |       |       ||    93
       Kite shield       |       |       |       |       |       |    34 |   136 |    43 ||   213

Table legend: (Time is in decaauts)
 A = Elapsed time spent in this place.
 B = Non-inter-level travel time spent in this place.
 C = Inter-level travel time spent in this place.
 D = Time resting spent in this place.
 E = Time spent auto-exploring this place.
 F = Levels seen in this place.
 G = Mean time per level.
                   A        B        C        D        E       F      G
               +--------+--------+--------+--------+--------+-----+--------+
         Total |  61814 |  59427 |   2387 |  21060 |  20420 |  42 | 1471.8 |
       Dungeon |  22464 |  21415 |   1049 |   7010 |   9567 |  15 | 1497.6 |
        Temple |     67 |     67 |      0 |      0 |     46 |   1 |   67.0 |
          Lair |   8061 |   7517 |    544 |   1759 |   4362 |   6 | 1343.5 |
        Shoals |   5331 |   5196 |    135 |   3073 |      0 |   4 | 1332.8 |
   Spider Nest |   5104 |   4887 |    217 |   1682 |   1853 |   4 | 1276.0 |
  Orcish Mines |   3296 |   3212 |     84 |   1173 |   1168 |   2 | 1648.0 |
   Elven Halls |   6335 |   6136 |    199 |   2424 |   1172 |   3 | 2111.7 |
        Vaults |   7179 |   7023 |    156 |   2372 |   1977 |   4 | 1794.8 |
        Bailey |   1550 |   1550 |      0 |    646 |     58 |   1 | 1550.0 |
      Ice Cave |   1117 |   1117 |      0 |    587 |    217 |   1 | 1117.0 |
    Desolation |   1305 |   1305 |      0 |    334 |      0 |   1 | 1305.0 |
               +--------+--------+--------+--------+--------+-----+--------+

Top non-repeatable levels by time:
    D:14: 2503 daAuts
Vaults:1: 2384 daAuts
    D:13: 2333 daAuts
   Elf:1: 2319 daAuts
  Lair:6: 2099 daAuts
   Orc:2: 2096 daAuts
Shoals:4: 2057 daAuts
   Elf:2: 2027 daAuts
Vaults:3: 2008 daAuts
   Elf:3: 1989 daAuts
     D:4: 1777 daAuts
Spider:4: 1683 daAuts
Vaults:2: 1632 daAuts
     D:6: 1618 daAuts
Spider:3: 1616 daAuts
